[Event "Early-Titled-Tuesday-Blitz-January-23-2024"]
[Site "Chess.com"]
[Date "2024.01.23"]
[Round "1"]
[White "KononenkoD"]
[Black "agvega14"]
[Result "1-0"]
[WhiteElo "2564"]
[BlackElo "2150"]
[TimeControl "180+1"]
[EndTime "8:07:55 PST"]
[Termination "KononenkoD won on time"]

1. e4 c5 2. Nf3 a6 3. d4 cxd4 4. Nxd4 Nf6 5. Nc3 e5 6. Nde2 Nc6 7. Bg5 d6 8. Qd2 Be6 9. O-O-O h6 10. Bh4 Rc8 11.
Kb1 Be7 12. f4 b5 13. Bxf6 gxf6 14. f5 Bc4 15. Ng3 Bxf1 16. Rhxf1 Nd4 17. Nge2 b4 18. Nd5 Rxc2 19. Qxc2 Nxc2 20. Kxc2 Qa5 21. Kb1 h5 22. h4 Bd8 23. Rf3 Rg8 24. Ng3 Qa4 25.
Rc1 Rg4 26. b3 Qa5 27. Nxh5 Rxg2 28. Rc2 Rxc2 29. Kxc2 Qxa2+ 30. Kd1 Qb1+ 31. Ke2 Qxe4+ 32. Ne3 Qxh4 33. Ng3 Qh2+ 34. Kd3 Bb6 35. Nd5 Bd4 36. Ne4 Qg1 37. Ndxf6+ Kd8 38. Kc4 Qc1+ 39. Kd5 Qd1 40. Rh3 Be3+ 41. Kc6 Qc2+ 42. Kxd6 Qd3+ 43. Kc6 Qc2+ 44.
Kd6 Qd3+ 45. Nd5 Bc5+ 46. Nxc5 Qxh3 47. f6 1-0

[Event "Early-Titled-Tuesday-Blitz-January-23-2024"]
[Site "Chess.com"]
[Date "2024.01.23"]
[Round "1"]
[White "DishonorOnYourCow"]
[Black "nihalsarin"]
[Result "1/2-1/2"]
[WhiteElo "2546"]
[BlackElo "3184"]
[TimeControl "180+1"]
[EndTime "8:07:57 PST"]
[Termination "Game drawn by repetition"]

1. d4 h6 2. c4 c6 3. e4 d5 4.
exd5 cxd5 5. Nc3 Nf6 6. Nf3 Nc6 7. cxd5 Nxd5 8. Bc4 Be6 9. Bb3 Nxc3 10. bxc3 Bd5 11. O-O e6 12. Be3 Be7 13. c4 Be4 14. d5 Na5 15. dxe6 Qxd1 16. exf7+ Kxf7 17. Raxd1 Rhd8 18. Rxd8 Bxd8 19. c5+ Nxb3 20. axb3 a5 21. Ne5+ Ke6 22. Nc4 Bf6 23. Re1 Bc2 24. Bd2+ Kf7 25. Nxa5 Rd8 26. Bf4 Bc3 27. Nxb7 Rd5 28. Rc1 Bb2 29.
Re1 Bc3 30. Rc1 Bb2 31. Re1 g5 32. Be3 Bc3 33. Rc1 Bb2 34. Re1 Bxb3 35. h3 Ba4 36.
Rb1 Be5 37. Rc1 Bc7 38. g3 Bc6 39. Nd6+ Bxd6 40. cxd6 Rxd6 41. h4 g4 42. Bf4 Re6 43. Rd1 Bf3 44. Rc1 h5 45. Be3 Ra6 46. Rb1 Ke6 47. Rc1 Kd5 48. Kf1 Ra2 49. Ke1 Re2+ 50. Kf1 Ke4 51. Rc4+ Kd3 52. Rc1 Ra2 53. Re1 Ba8 54.
Rd1+ Ke4 55. Rc1 Kf3 56. Rd1 Bd5 57. Kg1 Bb3 58. Rc1 Bc2 59. Re1 Be4 60. Bf4 Re2 61.
Rxe2 Kxe2 62. Be3 Kf3 63. Bf4 Ke2 64. Be3 Kf3 65. Bf4 Ke2 1/2-1/2

[Event "Early-Titled-Tuesday-Blitz-January-23-2024"]
[Site "Chess.com"]
[Date "2024.01.23"]
[Round "1"]
[White "alexrustemov"]
[Black "GlavkonVVS"]
[Result "1-0"]
[WhiteElo "2882"]
[BlackElo "2484"]
[TimeControl "180+1"]
[EndTime "8:07:57 PST"]
[Termination "alexrustemov won by checkmate"]

1. d4 Nf6 2. c4 c5 3. d5 e6 4. Nc3 exd5 5. cxd5 d6 6. e4 g6 7. h3 Bg7 8. Bd3 O-O 9. Nf3 b5 10. a3 b4 11. axb4 cxb4 12. Ne2 Re8 13. Bg5 Qb6 14.
Nd2 Nbd7 15. Nc4 Qc7 16. f3 Nc5 17. O-O Ba6 18. Rc1 Rac8 19. b3 Nfd7 20. Bc2 Bxc4 21. bxc4 Ne5 22. Nd4 Qb6 23. Kh1 Nxc4 24. Nc6 Ne5 25.
Ne7+ Rxe7 26. Bxe7 a5 27. Ba4 Bf8 28. Bf6 Ned3 29.
Rc2 b3 30. Rd2 Nxa4 31. Rxd3 Rc2 32. Qb1 Nc5 33. Rc3 Rxc3 34. Bxc3 a4 35. Qd1 Qb5 36.
Re1 Bg7 37. Bxg7 Kxg7 38. e5 dxe5 39. d6 b2 40. Kh2 a3 41. Qd5 b1=Q 42. Qxe5+ f6 43.
Qe7+ Kh6 44. Qf8+ Kg5 45. h4+ Kf5 46. g4+ Kf4 47. Qxf6+ Qf5 48. Qd4+ Ne4 49. Rxe4+ Kxf3 50. Qe3# 1-0

[Event "Early-Titled-Tuesday-Blitz-January-23-2024"]
[Site "Chess.com"]
[Date "2024.01.23"]
[Round "1"]
[White "pfalcon1949"]
[Black "YoreDea"]
[Result "1/2-1/2"]
[WhiteElo "2017"]
[BlackElo "2547"]
[TimeControl "180+1"]
[EndTime "8:07:57 PST"]
[Termination "Game drawn - insufficient material"]

1. e4 e6 2. d4 d5 3. exd5 exd5 4. Bd3 Nc6 5. c3 Bd6 6. Ne2 Bg4 7. Be3 Qh4 8. h3 O-O-O 9. Nd2 Re8 10. Nf1 Nf6 11. Qd2 Ne4 12. Bxe4 Rxe4 13. O-O-O Bd7 14. Nfg3 Ree8 15.
Bg5 Rxe2 16. Bxh4 Rxd2 17. Kxd2 Bf4+ 18. Kc2 g5 19. Nh5 Bf5+ 20. Kb3 Na5+ 21. Ka4 Bd7+ 22. Kxa5 b6+ 23. Kb4 Bd6+ 24. Kb3 gxh4 25. Nf6 Bb5 26. Nxd5 Rg8 27. Ne3 a5 28. c4 Bd7 29. Kc2 Bf4 30.
Rhg1 h5 31. Kd3 f5 32. b3 Bd6 33. Nd5 Rf8 34. f4 Rg8 35. Nf6 Rg3+ 36. Kc2 Bc6 37. d5 Bb7 38. Nxh5 Rg6 39. g4 hxg3 40. Rxg3 Rh6 41.
Rg5 Kb8 42. Rxf5 Bc8 43. Rg5 Bxh3 44. Re1 a4 45. Re8+ Kb7 46. Ng7 Bd7 47. Rd8 Bxf4 48. Rxd7 Bxg5 49. Ne6 Be3 50. Rxc7+ Ka6 51. Rc6 a3 52. Nc7+ Kb7 53. Rxh6 Bxh6 54. Nb5 Bf8 55. Nxa3 Bxa3 56. Kc3 Be7 57. b4 Bf6+ 58. Kb3 Ka6 59. a4 Ka7 60. a5 bxa5 61. bxa5 Be7 62. Ka4 Ka6 63. c5 Bxc5 64. Kb3 Kxa5 65. Kc4 Bd6 66. Kd4 Kb5 67. Ke4 Kc5 68. Kf5 Kd4 69. Ke6 Kc5 70. Kd7 Kxd5 1/2-1/2

[Event "Early-Titled-Tuesday-Blitz-January-23-2024"]
[Site "Chess.com"]
[Date "2024.01.23"]
[Round "1"]
[White "YurasovMat-2012"]
[Black "Arlo2024"]
[Result "1-0"]
[WhiteElo "2608"]
[BlackElo "2260"]
[TimeControl "180+1"]
[EndTime "8:07:58 PST"]
[Termination "YurasovMat-2012 won on time"]

1. e4 e6 2. Nf3 d5 3. Nc3 dxe4 4. Nxe4 Nd7 5. d4 Ngf6 6. Nxf6+ Nxf6 7. Bd3 b6 8. O-O Bb7 9. Qe2 Be7 10. Rd1 O-O 11.
h3 Qd5 12. c4 Qh5 13. Ne5 Rad8 14. Be3 c5 15. Qxh5 Nxh5 16. dxc5 Bxc5 17. Bxc5 bxc5 18.
g3 f6 19. Ng4 e5 20. Be2 g6 21. Ne3 Ng7 22. a3 a5 23. Nd5 Kf7 24. b4 axb4 25. axb4 Bxd5 26. cxd5 cxb4 27. Ra7+ Kg8 28. Rc1 Rf7 29.
Rxf7 Kxf7 30. Rc7+ Kg8 31. Rb7 Kf8 32. Bc4 Nf5 33.
Rxb4 Nd6 34. Be2 Ke7 35. h4 Rd7 36. h5 Nf5 37. Bf3 Nd4 38. Bg2 f5 39. h6 Kf6 40.
f4 Ne2+ 41. Kf2 Nc3 42. Rb6+ Ke7 43. Re6+ Kf7 44. Rxe5 Kf6 45. Ke3 Nd1+ 46. Kd4 Nf2 47. Re6+ Kf7 48. Bf3 Ra7 49. Re3 Ra4+ 50. Ke5 1-0

[Event "Early-Titled-Tuesday-Blitz-January-23-2024"]
[Site "Chess.com"]
[Date "2024.01.23"]
[Round "1"]
[White "arenal72"]
[Black "Chesstiger64"]
[Result "1-0"]
[WhiteElo "2602"]
[BlackElo "2242"]
[TimeControl "180+1"]
[EndTime "8:07:58 PST"]
[Termination "arenal72 won by resignation"]

1. Nf3 d5 2. g3 c6 3. Bg2 Bf5 4.
O-O Nd7 5. d3 e6 6. c4 h6 7. Nc3 Ngf6 8. Be3 Bb4 9. Qb3 Qe7 10.
a3 Bxc3 11. bxc3 Nc5 12. Bxc5 Qxc5 13. Qxb7 O-O 14. Qb4 Nd7 15. Nd4 Bg6 16. Qxc5 Nxc5 17. Nxc6 Nb3 18. Ra2 dxc4 19. Ne7+ Kh7 20. Nxg6 Kxg6 21.
Bxa8 Rxa8 22. dxc4 Na5 23. Rb1 Nxc4 24. Rb4 Rc8 25. Rb7 a5 26. a4 h5 27. Rb5 Kf6 28. Rxh5 Ne5 29. f4 Ng4 30. Ra3 Ra8 31. c4 Ke7 32. Rb5 f5 33. c5 Nf6 34. Rb7+ Kf8 35. c6 Rc8 36. c7 Ke7 37. Rc3 Nd5 38. Rc5 Kd6 39. Rxa5 Nxc7 40. Raa7 Nd5 41. Rxg7 Kc5 42. a5 Kd4 43. Kf2 Ne3 44. Rab7 Ng4+ 45. Kg2 Rc2 46.
Rxg4 fxg4 47. Kf2 Ra2 48. Rg7 Rxa5 49. Rxg4 Ke4 50. h4 Ra8 51. Rg5 Rh8 52. Re5+ Kd4 53.
e3+ Kd3 54. Rxe6 Ra8 55. Kf3 Ra1 56. Rd6+ Kc4 57. h5 Kc5 58. Rd2 Rh1 59. Kg4 Kc6 60. Kg5 Kc7 61. g4 Kc6 62. Kg6 Kc5 63. g5 Kc4 64. h6 Kc3 65. Rd8 1-0

[Event "Early-Titled-Tuesday-Blitz-January-23-2024"]
[Site "Chess.com"]
[Date "2024.01.23"]
[Round "1"]
[White "yaguigor"]
[Black "flomarechot"]
[Result "1-0"]
[WhiteElo "2631"]
[BlackElo "2289"]
[TimeControl "180+1"]
[EndTime "8:08:02 PST"]
[Termination "yaguigor won by resignation"]

1. Nf3 Nf6 2. c4 d6 3. Nc3 e5 4. d4 e4 5. Ng5 Qe7 6. h4 c6 7. e3 h6 8. Nh3 g6 9. Nf4 Bg7 10.
Be2 h5 11. b4 O-O 12. a4 Re8 13.
b5 Nbd7 14. a5 c5 15. Ncd5 Nxd5 16. Nxd5 Qd8 17. Bb2 Nf6 18. dxc5 Nxd5 19. Bxg7 Nxe3 20. fxe3 Kxg7 21. Qxd6 Qf6 22. Qxf6+ Kxf6 23. Rf1+ Ke7 24. O-O-O f5 25. Kb2 Be6 26. Kc3 Rec8 27. Kb4 Rc7 28. b6 Rc6 29. Rd4 a6 30. Rc1 Rac8 31. Rd5 Rb8 32. g3 Rbc8 33. Rc2 Rb8 34. Kc3 Rbc8 35. Kd4 Rb8 36. Rc3 Rbc8 37. Bd1 Bxd5 38. cxd5 Rf6 39. Ke5 Rff8 40. Ba4 Rfd8 41. d6+ Kf7 42. d7 Rb8 43. c6 bxc6 44. Rxc6 Ke7 45. Rxg6 Kf7 46. Re6 Rb7 47. Rf6+ Ke7 48. Rxf5 Rdxd7 49. Bxd7 Rxd7 50. Kxe4 Rd8 51. Rxh5 1-0

[Event "Early-Titled-Tuesday-Blitz-January-23-2024"]
[Site "Chess.com"]
[Date "2024.01.23"]
[Round "1"]
[White "norwaytoadog"]
[Black "Boundless_Strike"]
[Result "0-1"]
[WhiteElo "2279"]
[BlackElo "2615"]
[TimeControl "180+1"]
[EndTime "8:08:02 PST"]
[Termination "Boundless_Strike won on time"]

1. e4 d6 2. d4 e5 3. Nf3 Bg4 4.
dxe5 Nc6 5. Bb5 Qd7 6. Nc3 O-O-O 7. O-O a6 8. Be2 Bxf3 9. Bxf3 Nxe5 10. Be2 Kb8 11.
Be3 Nf6 12. f3 Be7 13. Qd4 c5 14. Qd2 g5 15. Nd5 Nxd5 16. Qxd5 f5 17. exf5 Qxf5 18.
Bd3 Qf7 19. Be4 Qxd5 20. Bxd5 Bf6 21. c3 Rhe8 22. Bf2 Nd3 23. Bg3 Nxb2 24. Rfc1 b5 25.
Rab1 Re2 26. a4 Nxa4 27. Bc4 Rb2 28. Rxb2 Nxb2 29. Bd5 Na4 30. Be1 Re8 31. Kf1 Kc7 32. Bd2 Nb6 33. Be4 h6 34. h4 Nc4 35. Be1 d5 36.
Bd3 Re3 37. Be2 Kc6 38. Kf2 Re8 39. g4 a5 40. Kg2 Rxe2+ 41. Kf1 Ra2 42. hxg5 hxg5 43.
Bg3 Ne3+ 44. Ke1 Rg2 45. Bf2 Nc4 46. Kf1 Rxf2+ 47. Kxf2 a4 48. f4 gxf4 49. Kf3 a3 50. Kxf4 b4 51. g5 Be5+ 52. Kf5 b3 53. g6 b2 0-1

[Event "Early-Titled-Tuesday-Blitz-January-23-2024"]
[Site "Chess.com"]
[Date "2024.01.23"]
[Round "1"]
[White "ErikRonka"]
[Black "MatthewG-p4p"]
[Result "0-1"]
[WhiteElo "2486"]
[BlackElo "2886"]
[TimeControl "180+1"]
[EndTime "8:08:04 PST"]
[Termination "MatthewG-p4p won by checkmate"]

1. e4 c5 2. Nf3 g6 3. d4 cxd4 4. Nxd4 Bg7 5. Nc3 Nc6 6. Be3 Nf6 7. Bc4 O-O 8. Bb3 Re8 9. h4 d5 10. Nxc6 bxc6 11. exd5 cxd5 12. Nxd5 Nxd5 13. Qxd5 Qxd5 14. Bxd5 Rb8 15. Bc1 Ba6 16. Bb3 Rbc8 17. Rh3 Red8 18. c3 Bd3 19. Bd2 a5 20. O-O-O Bf5 21. Rhh1 h5 22.
Bc2 Be6 23. Kb1 Bf6 24. Bg5 Kg7 25. Bxf6+ Kxf6 26. Rxd8 Rxd8 27. Rd1 Rc8 28. Rd4 Rc5 29. Bb3 Bf5+ 30. Kc1 Re5 31. Kd2 e6 32. f3 Rb5 33.
g4 hxg4 34. fxg4 e5 35. Rc4 Rd5+ 36. Ke1 Bd7 37. Rc7 Rd6 38. g5+ Ke7 39. Ke2 f6 40.
Ke3 f5 41. Rc5 e4 42. Re5+ Kf8 43. Rxa5 Rd3+ 44. Ke2 Rh3 45. Ra7 Bb5+ 46. Kf2 e3+ 47. Kg2 e2 48. Rf7+ Ke8 49. Kxh3 e1=Q 50. Rg7 Bf1+ 51.
Kh2 Qf2+ 52. Kh1 Qg2# 0-1

[Event "Early-Titled-Tuesday-Blitz-January-23-2024"]
[Site "Chess.com"]
[Date "2024.01.23"]
[Round "1"]
[White "Jumbo"]
[Black "sergeikim"]
[Result "1-0"]
[WhiteElo "2969"]
[BlackElo "2512"]
[TimeControl "180+1"]
[EndTime "8:08:05 PST"]
[Termination "Jumbo won on time"]

1. d4 Nf6 2. Nf3 g6 3. Bf4 d6 4. e3 Bg7 5. h3 O-O 6. Bc4 b6 7. O-O Bb7 8. Nbd2 Nbd7 9. a4 a5 10.
Bh2 Ne4 11. Nxe4 Bxe4 12. c3 e5 13. Bb5 c6 14. Be2 Qe7 15. Nd2 Bd5 16. Re1 Kh8 17. Qc2 Qg5 18. e4 Be6 19. Nf3 Qe7 20. Rad1 Rac8 21.
Bg3 f6 22. Ba6 Rc7 23. Rd2 c5 24. dxe5 dxe5 25. Bb5 Bh6 26. Rdd1 Rd8 27. Nh2 Rcc8 28. Ng4 Bg7 29. Ne3 Nf8 30. Nd5 Qb7 31. Bc4 Bxd5 32.
exd5 Rd6 33. f4 Nd7 34. fxe5 Nxe5 35. Bxe5 fxe5 36. Rf1 Qe7 37. Qe4 Rf8 38. Rxf8+ Bxf8 39. Rf1 Rf6 40. Re1 Bg7 41. g3 Rd6 42. Kg2 Qg5 43. h4 Qe7 44. Re2 Rf6 45. Bd3 Rf5 46.
Qg4 Rf6 47. h5 gxh5 48. Qxh5 Rh6 49. Qg4 Rf6 50. Qe4 Rg6 51. Re3 Qd6 52. Rf3 Kg8 53. Qh4 1-0

[Event "Early-Titled-Tuesday-Blitz-January-23-2024"]
[Site "Chess.com"]
[Date "2024.01.23"]
[Round "1"]
[White "wild3000"]
[Black "DreamsAreFake"]
[Result "1-0"]
[WhiteElo "2441"]
[BlackElo "2731"]
[TimeControl "180+1"]
[EndTime "8:08:06 PST"]
[Termination "wild3000 won by resignation"]

1. d4 Nf6 2. e3 b6 3. Nf3 Bb7 4.
Be2 g6 5. O-O Bg7 6. b3 O-O 7.
Bb2 c5 8. c4 e6 9. Nc3 d6 10.
dxc5 bxc5 11. Qc2 Qe7 12. Rfd1 Nc6 13. Nb5 Rfd8 14. Rd2 a6 15. Nc3 Nb4 16. Qd1 Rac8 17. h3 h6 18. Ne1 d5 19. cxd5 exd5 20. Na4 c4 21. bxc4 dxc4 22. Nb6 Rxd2 23. Qxd2 Rd8 24.
Qc1 Nd3 25. Nxd3 cxd3 26. Bd1 Ne4 27. Bxg7 Kxg7 28. Qb2+ Qf6 29. Qxf6+ Kxf6 30. f3 Nc3 31. Nc4 d2 32. Kf2 Bc6 33. e4 Bb5 34. Ne3 a5 35. a4 Ba6 36. Ra3 Rc8 37. Rb3 Ke5 38. Rb6 Bd3 39. Ng4+ Kd4 40. Rd6+ Kc5 41. Rxd3 Nxd1+ 42. Ke2 Kc4 43. Ne5+ Kb4 44. Kxd2 Nb2 45. Rd4+ Ka3 46.
Nxf7 Nxa4 47. Ne5 Nb6 48. Nxg6 a4 49. e5 Kb2 50. Rb4+ Ka2 51. Rxb6 a3 52. e6 Ka1 53. e7 a2 54. f4 h5 55. f5 h4 56. Ra6 Rc2+ 57.
Ke3 Rc1 58. f6 Re1+ 59. Kf4 Rf1+ 60. Kg5 Kb2 61. Rxa2+ Kxa2 62. e8=Q 1-0

[Event "Early-Titled-Tuesday-Blitz-January-23-2024"]
[Site "Chess.com"]
[Date "2024.01.23"]
[Round "1"]
[White "publicaccountcze"]
[Black "SaqoChess_Twitch"]
[Result "0-1"]
[WhiteElo "2317"]
[BlackElo "2636"]
[TimeControl "180+1"]
[EndTime "8:08:08 PST"]
[Termination "SaqoChess_Twitch won by checkmate"]

1. e4 c5 2. Nc3 d6 3. f4 Nc6 4.
Nf3 g6 5. Bb5 Bg7 6. Bxc6+ bxc6 7. O-O e6 8. d3 Ne7 9. Qe1 O-O 10. Qh4 h6 11. f5 Nxf5 12. Qxd8 Rxd8 13. exf5 exf5 14.
h4 a5 15. a3 Ba6 16. Bf4 Rab8 17. Rab1 Rb7 18. Na4 c4 19. d4 c3 20. Rfe1 cxb2 21.
Rxb2 Rxb2 22. Nxb2 c5 23. c3 cxd4 24. cxd4 Rb8 25. Na4 Bb5 26. Nc3 Bc6 27. Bxd6 Rd8 28. Be5 Bf8 29. Bf6 Rc8 30. Ne5 Be8 31. Nd5 Bxa3 32. Ne7+ Bxe7 33. Bxe7 a4 34. Bf6 a3 35.
Nd3 a2 36. Kh2 Bc6 37. d5 Bxd5 38. Nf4 Be4 39. Ra1 Bb1 40. Ne2 Rc6 41. Be5 Re6 42. Nc3 Rxe5 43. Nxb1 axb1=Q 44. Rxb1 Re4 45. g3 h5 46.
Kh3 Kg7 47. Rb7 Re3 48. Kg2 Rd3 49. Kf2 Ra3 50. Rb6 Ra4 51. Kf3 Rg4 52. Rc6 Rb4 53.
Rd6 Rb3+ 54. Kf2 Rc3 55. Rb6 Rc2+ 56. Kf3 Rc3+ 57. Kf4 Rc4+ 58. Kf3 Rg4 59. Rb5 f4 60. gxf4 Rxh4 61. Rb6 Rh1 62. Rb5 Rf1+ 63. Kg3 Ra1 64. f5 Ra3+ 65. Kh4 Ra4+ 66. Kh3 Rf4 67. fxg6 fxg6 68.
Kg3 Rg4+ 69. Kh3 Ra4 70. Kg3 Kh6 71. Kf3 h4 72. Rb8 Kh5 73. Rh8+ Kg5 74. Rb8 Ra3+ 75.
Kg2 Kh5 76. Rh8+ Kg4 77. Rb8 g5 78. Rb4+ Kh5 79. Rb5 h3+ 80. Kh2 Kh4 81. Rb4+ g4 82. Rc4 Ra2+ 83. Kg1 Kg5 84. Rd4 g3 85. Rd3 Ra1+ 86.
Rd1 Rxd1# 0-1

[Event "Early-Titled-Tuesday-Blitz-January-23-2024"]
[Site "Chess.com"]
[Date "2024.01.23"]
[Round "1"]
[White "C_K_G"]
[Black "GulenayAydin"]
[Result "0-1"]
[WhiteElo "2098"]
[BlackElo "2558"]
[TimeControl "180+1"]
[EndTime "8:08:08 PST"]
[Termination "GulenayAydin won on time"]

1. e4 c5 2. Nf3 d6 3. d4 cxd4 4. Nxd4 Nf6 5. Nc3 g6 6. f4 Nc6 7. Bb5 Bd7 8. Bxc6 bxc6 9. e5 Ng4 10. h3 Nh6 11. exd6 exd6 12. O-O Be7 13. f5 Nxf5 14. Nxf5 Bxf5 15. Bh6 Bf8 16. Re1+ Be6 17. Qd2 d5 18. Bxf8 Kxf8 19. Qh6+ Kg8 20. Re2 Qf8 21. Qg5 h6 22. Qf6 Qg7 23. Qe7 Kh7 24. Rf1 Rhe8 25. Qc7 Rec8 26. Qb7 Kg8 27. Ref2 a5 28. Na4 Qf8 29. a3 Rab8 30. Qa6 Qd8 31. Qd3 c5 32. Qd2 Qf8 33. Rf4 d4 34. Rh4 h5 35. Rhf4 Qd8 36. Rf6 Kg7 37. Qg5 Qd5 38. Qg3 c4 39. b3 cxb3 40. cxb3 Rxb3 41. Qh4 d3 42. R1f2 Rbc3 43.
Kh2 Rc1 44. Qg3 R1c4 45. Nb6 Qc6 46. Nxc8 Qxc8 47. Rd2 h4 48. Qf2 Qc7+ 0-1

[Event "Early-Titled-Tuesday-Blitz-January-23-2024"]
[Site "Chess.com"]
[Date "2024.01.23"]
[Round "1"]
[White "MikaelyanArman"]
[Black "MIss_MIaMI"]
[Result "1-0"]
[WhiteElo "2839"]
[BlackElo "2454"]
[TimeControl "180+1"]
[EndTime "8:08:09 PST"]
[Termination "MikaelyanArman won by checkmate"]

1. d4 c5 2. d5 g6 3. e4 Bg7 4. Nc3 d6 5. Nf3 Bg4 6. Be2 Bxf3 7. Bxf3 a6 8. a4 b6 9. O-O Nf6 10. Re1 Nbd7 11. Bf4 O-O 12. Qd2 Rb8 13. Be2 Qc8 14.
h3 Ne8 15. Bg5 f6 16. Bf4 Nc7 17. Bg4 Rd8 18. h4 b5 19. axb5 axb5 20. h5 g5 21. Bg3 h6 22. Nd1 Qb7 23. Ne3 Ne5 24. Be6+ Nxe6 25.
dxe6 Qxe4 26. f3 Qd4 27. Qxd4 cxd4 28. Nf5 Rb7 29. Nxd4 Nc4 30. b3 Ne5 31. Nf5 Kf8 32. Ra5 Rc8 33. Rea1 Nc6 34. Ra8 Rbb8 35. Rxb8 Rxb8 36.
c3 Nd8 37. Ra7 Nxe6 38. Rxe7 Nd8 39. Rxg7 Nf7 40. Rh7 Kg8 41. Rg7+ Kf8 42. Rg6 Rc8 43. Nxd6 Rxc3 44. Rxf6 Ke7 45. Rxf7+ Ke6 46. Rb7 Rc1+ 47. Kh2 Rd1 48. Ne4 Kf5 49. Rxb5+ Ke6 50. Rb6+ Kf7 51.
Rxh6 Rb1 52. Nxg5+ Kg7 53. Rg6+ Kf8 54. Bd6+ Ke8 55. h6 Rxb3 56. h7 Kd7 57. h8=Q Kc6 58.
Bf8+ Kb5 59. Qe5+ Kc4 60. Rc6+ Kd3 61. Qe4+ Kd2 62. Rc2+ Kd1 63. Qe2# 1-0

[Event "Early-Titled-Tuesday-Blitz-January-23-2024"]
[Site "Chess.com"]
[Date "2024.01.23"]
[Round "1"]
[White "TitarovVasiliYouTube"]
[Black "Alenzer"]
[Result "1-0"]
[WhiteElo "2565"]
[BlackElo "2157"]
[TimeControl "180+1"]
[EndTime "8:08:09 PST"]
[Termination "TitarovVasiliYouTube won on time"]

1. e4 c5 2. Nf3 e6 3. Be2 Nc6 4. O-O Nf6 5. d3 d5 6. exd5 exd5 7. d4 Be7 8. dxc5 Bxc5 9. Nbd2 O-O 10. Nb3 Bd6 11.
c3 Bg4 12. h3 Bh5 13. Nfd4 Bxe2 14. Qxe2 Re8 15. Qf3 Ne5 16. Qd1 Ne4 17. Nf3 Ng6 18. Qd4 Nh4 19. Nxh4 Qxh4 20. Be3 Rad8 21. Qd1 Ng3 22. Re1 Nf5 23. Qf3 Nxe3 24. Rxe3 Rxe3 25. Qxe3 Qf4 26. Qxf4 Bxf4 27. Rd1 f6 28. c4 Be5 29. cxd5 Bxb2 30. Nc5 b6 31. Ne4 Be5 32. g3 Kf7 33. f4 Bb8 34. Kf2 a6 35. Ke3 Ke7 36. g4 Bd6 37. Rc1 Rd7 38. Rc6 g6 39. f5 gxf5 40. gxf5 Bc7 41. Re6+ Kf7 42. Rxf6+ Ke7 43. Re6+ Kf7 44.
d6 Bd8 45. Kd4 b5 46. Kd5 h5 47. Nc5 Ra7 48. Rh6 Ke8 49. Rh8+ Kf7 50. Rh7+ Ke8 51. Rxa7 1-0

[Event "Early-Titled-Tuesday-Blitz-January-23-2024"]
[Site "Chess.com"]
[Date "2024.01.23"]
[Round "1"]
[White "GiftedThing"]
[Black "IlanSchnaider"]
[Result "1/2-1/2"]
[WhiteElo "2463"]
[BlackElo "2806"]
[TimeControl "180+1"]
[EndTime "8:08:11 PST"]
[Termination "Game drawn by repetition"]

1. Nf3 Nf6 2. c4 g6 3. b3 Bg7 4. Bb2 O-O 5. g3 c6 6. Bg2 d5 7. O-O Bf5 8. d3 Nbd7 9. Nbd2 Re8 10. Qc2 e5 11. e4 dxe4 12. dxe4 Bg4 13. Rad1 Qe7 14.
h3 Bxf3 15. Nxf3 Rad8 16. Rd2 Nh5 17. Rfd1 Nc5 18. Ba3 b6 19. Nh2 Qc7 20. Ng4 Ne6 21. Bd6 Rxd6 22. Rxd6 Nd4 23. R6xd4 exd4 24. Re1 Nf6 25.
Nxf6+ Bxf6 26. c5 bxc5 27. Qxc5 Rd8 28. e5 Be7 29. Qxc6 Qxc6 30. Bxc6 d3 31. f4 Rc8 32.
Bf3 d2 33. Rd1 Rc1 34. Kf2 Bb4 35. Ke2 a5 36. Bd5 Kf8 37. Bc4 Ke7 38. a4 h6 39.
g4 f6 40. exf6+ Kxf6 41. h4 g5 42. fxg5+ hxg5 43. h5 Kg7 44. Be6 Rc6 45. Bd5 Rd6 46. Bc4 Rd4 47. Kf3 Rf4+ 48. Kg3 Re4 49.
Kf3 Re1 50. Be2 Kf6 51. Ke3 Ke5 52. Kd3 Kf6 53. Ke3 Ke6 54. Kd3 Kd7 55. Ke3 Ke8 56. Kd3 Kf8 57. Ke3 Kg7 58. Kd3 Kf6 59. Ke3 1/2-1/2

[Event "Early-Titled-Tuesday-Blitz-January-23-2024"]
[Site "Chess.com"]
[Date "2024.01.23"]
[Round "1"]
[White "Glidzhian_Gor"]
[Black "sterpfi"]
[Result "1-0"]
[WhiteElo "2581"]
[BlackElo "2191"]
[TimeControl "180+1"]
[EndTime "8:08:11 PST"]
[Termination "Glidzhian_Gor won on time"]

1. e4 c6 2. d4 d5 3. Nc3 dxe4 4. Nxe4 Nf6 5. Ng5 h6 6. N5f3 Bg4 7. h3 Bh5 8. Bd3 Nbd7 9. g4 Bg6 10. Bxg6 fxg6 11.
Qd3 Kf7 12. Ne2 e6 13. Nf4 g5 14. Ng6 Rg8 15. Bxg5 hxg5 16. Nxg5+ Ke8 17. Nxe6 Qa5+ 18. c3 Bd6 19. O-O Kf7 20. Rae1 Rae8 21. b4 Qd5 22. Ngf4 Bxf4 23. Nxf4 Rxe1 24. Rxe1 Qg5 25. Ne6 Qd5 26. Nf4 Qg5 27. Qf3 Re8 28. Rxe8 Kxe8 29. Nd3 Qd5 30. Qxd5 Nxd5 31. c4 Nxb4 32. Nxb4 Nf6 33. f3 Kd7 34. Kf2 b5 35. cxb5 cxb5 36. h4 Kd6 37. h5 a5 38. Nc2 Kd5 39. Ke2 Kc4 40. Kd2 b4 41. Ne3+ Kxd4 42. Nf5+ Kc4 43. Nxg7 a4 44. Nf5 b3 45. Ne3+ Kb4 46. axb3 axb3 47.
h6 Ka3 48. g5 b2 49. Nc4+ Ka2 50. Nxb2 1-0

[Event "Early-Titled-Tuesday-Blitz-January-23-2024"]
[Site "Chess.com"]
[Date "2024.01.23"]
[Round "1"]
[White "Grindaveci"]
[Black "artooon"]
[Result "0-1"]
[WhiteElo "2510"]
[BlackElo "2967"]
[TimeControl "180+1"]
[EndTime "8:08:12 PST"]
[Termination "artooon won on time"]

1. e4 e5 2. Nf3 Nc6 3. Bb5 a6 4. Ba4 Nf6 5. O-O d6 6. c3 Bd7 7. d4 g6 8. h3 Bg7 9. Nbd2 O-O 10. Re1 Re8 11. Bc2 exd4 12. cxd4 Nb4 13. Bb1 Bb5 14.
Nb3 c5 15. a3 Nc6 16. dxc5 dxc5 17. Qxd8 Raxd8 18. Nxc5 b6 19. a4 bxc5 20. axb5 axb5 21.
Ra6 Nb4 22. Rb6 Rb8 23. Rxb8 Rxb8 24. Be3 c4 25. Nd4 Nd7 26. f4 Nc5 27. e5 Ncd3 28. Re2 Ra8 29. Bxd3 cxd3 30. Rd2 g5 31. g3 gxf4 32. gxf4 Rb8 33. Nb3 Bf8 34. Bc5 Rd8 35. Kg2 Nc2 36. Kf3 f5 37. e6 Re8 38.
Rxd3 Ne1+ 39. Ke2 Nxd3 40. Kxd3 Rxe6 41. Bxf8 Kxf8 42. Nd4 Rh6 43. Nxf5 Rxh3+ 44. Kc2 Rf3 45. Nd4 Rf2+ 46. Kc3 h5 0-1

[Event "Early-Titled-Tuesday-Blitz-January-23-2024"]
[Site "Chess.com"]
[Date "2024.01.23"]
[Round "1"]
[White "GMBenjaminBok"]
[Black "Muslim_player_05"]
[Result "0-1"]
[WhiteElo "2902"]
[BlackElo "2516"]
[TimeControl "180+1"]
[EndTime "8:08:12 PST"]
[Termination "Muslim_player_05 won by checkmate"]

1. d4 Nf6 2. c4 g6 3. g3 Bg7 4. Bg2 d6 5. Nc3 O-O 6. Nf3 c6 7. e4 Be6 8. b3 Bg4 9. O-O Nfd7 10.
Be3 c5 11. Rc1 Nc6 12. d5 Nd4 13. Bxd4 Bxd4 14. h3 Bxf3 15. Qxf3 a6 16. Kh2 Bg7 17. Qd3 b5 18. f4 bxc4 19. bxc4 Rb8 20. Rc2 Qa5 21.
Ne2 Rb4 22. h4 Rfb8 23. Bh3 Nb6 24. h5 Na4 25. hxg6 hxg6 26. e5 Rb2 27. Rfc1 Rxc2 28.
Rxc2 Qe1 29. e6 f5 30. Qf3 Rb1 31. g4 Nc3 32. Bg2 Nxe2 33. Rxe2 Qg1+ 34. Kh3 fxg4+ 35. Qxg4 Rc1 36. Bf3 Qf1+ 37. Qg2 Bd4 38. Qxf1 Rxf1 39. Be4 Kg7 40. Rg2 Rh1+ 41. Kg4 Kf6 42. Kf3 Rh3+ 43. Kg4 Re3 44. Bc2 Rc3 45. Kh4 g5+ 46. fxg5+ Kg7 47. Bb3 Re3 48. Kg4 Re4+ 49. Kh5 Be3 50. Bc2 Rf4 51. Bd3 Bf2 52. Rg4 Rf3 53. Be4 Rh3+ 54. Rh4 Rxh4# 0-1

[Event "Early-Titled-Tuesday-Blitz-January-23-2024"]
[Site "Chess.com"]
[Date "2024.01.23"]
[Round "1"]
[White "tolimachess"]
[Black "starworld123"]
[Result "1-0"]
[WhiteElo "2491"]
[BlackElo "2838"]
[TimeControl "180+1"]
[EndTime "8:08:12 PST"]
[Termination "tolimachess won on time"]

1. e4 c5 2. Nf3 d6 3. d4 cxd4 4. Qxd4 Bd7 5. Nc3 Nc6 6. Qd3 g6 7. Be2 Bg7 8. Nd5 Nf6 9. c3 O-O 10. Bg5 Ne5 11. Nxe5 dxe5 12. Nxf6+ exf6 13. Be3 Bc6 14. O-O Qe7 15. Rad1 Qe6 16. Qb1 f5 17. Bf3 fxe4 18.
Bxe4 Bxe4 19. Qxe4 Qxa2 20. Qxb7 Rfb8 21. Qf3 Qxb2 22. Rd7 Qa2 23. h4 a5 24. h5 a4 25. h6 Bf8 26. c4 Qxc4 27. Rc1 e4 28. Qf6 Qe6 29. Qxe6 fxe6 30. Bf4 Rc8 31. Rxc8 Rxc8 32.
Ra7 a3 33. Be5 Rc1+ 34. Kh2 Rc5 35. Bg7 Rh5+ 36. Kg3 Bxg7 37. Rxg7+ Kh8 38. Ra7 Rxh6 39. Rxa3 Rh5 40. Ra7 Rg5+ 41. Kf4 Rf5+ 42. Kxe4 Kg8 43. f4 h5 44. Re7 Rf6 45. g3 Kf8 46. Rh7 1-0